 Dungeon Crawl Stone Soup version 0.27.1 (webtiles) character file.

Game seed: 9837679627483018247

25 soylentgreeen202 the Chopper (level 3, 0/31 HPs)
             Began as a Gnoll Chaos Knight on Sept 1, 2021.
             Was a Plaything of Xom.
             Slain by a ball python (2 damage)
             ... on level 2 of the Dungeon.
             The game lasted 00:06:33 (1362 turns).

soylentgreeen202 the Chopper (Gnoll Chaos Knight)   Turns: 1362, Time: 00:06:34

Health: 0/31       AC:  5    Str: 11 (12) XL:     3   Next: 6%
Magic:  3/3        EV:  9    Int: 11      God:    Xom [......]
Gold:   53         SH:  0    Dex: 13      Spells: 3/3 levels left

rFire    . . .     SeeInvis .   a - +0 hand axe (chaos)
rCold    . . .     Faith    .   (no shield)
rNeg     . . .     Spirit   .   b - +2 leather armour
rPois    .         Reflect  .   (no helmet)
rElec    .         Harm     .   (no cloak)
rCorr    .         Rampage  .   (no gloves)
Will     .....                  (no boots)
Stlth    +.........             (no amulet)
HPRegen  0.10/turn              (no ring)
MPRegen  0.08/turn              (no ring)

@: constricted
A: fangs 1, strong nose, distributed training, agile 1, frail 1
a: Renounce Religion


You were on level 2 of the Dungeon.
You worshipped Xom.
You were a very special plaything of Xom.
You visited 1 branch of the dungeon, and saw 2 of its levels.

You collected 53 gold pieces.

Inventory:

Hand Weapons
 a - a +0 hand axe of chaos (weapon)
Missiles
 c - 17 stones (quivered)
Armour
 b - a +2 leather armour (worn)
 f - a +0 ring mail
Scrolls
 e - 3 scrolls of enchant armour {unknown}
 g - a scroll of identify {unknown}
Potions
 d - a potion of berserk rage {unknown}
 h - a potion of heal wounds {unknown}


   Skills:
 + Level 6.5 Fighting
 + Level 0.6 Short Blades
 + Level 0.6 Long Blades
 + Level 6.5 Axes
 + Level 0.6 Maces & Flails
 + Level 0.6 Polearms
 + Level 0.6 Staves
 + Level 0.6 Slings
 + Level 0.6 Bows
 + Level 0.6 Crossbows
 + Level 0.6 Throwing
 + Level 4.5 Armour
 + Level 2.5 Dodging
 + Level 0.6 Stealth
 + Level 0.6 Shields
 + Level 0.6 Unarmed Combat
 + Level 0.6 Spellcasting
 + Level 0.4 Conjurations
 + Level 0.4 Hexes
 + Level 0.4 Summonings
 + Level 0.4 Necromancy
 + Level 0.4 Translocations
 + Level 0.4 Transmutations
 + Level 0.4 Fire Magic
 + Level 0.4 Ice Magic
 + Level 0.4 Air Magic
 + Level 0.4 Earth Magic
 + Level 0.4 Poison Magic
 + Level 0.8 Invocations
 + Level 0.6 Evocations


You had 3 spell levels left.
You didn't know any spells.
Your spell library was empty.

Dungeon Overview and Level Annotations

Branches:
Dungeon (2/15)

Altars:

Annotations:
D:1 exclusion: downstairs


Innate Abilities, Weirdness & Mutations

You have very sharp teeth.
Your uncanny sense of smell can sniff out nearby items.
Your experience applies equally to all skills.
You are agile. (Dex +2)
You are frail. (-10% HP)


Message History

You hit the gnoll.
The gnoll is moderately wounded.
You barely miss the ball python. You hit the gnoll.
The gnoll suddenly seems more agile.
The gnoll hits you with a +0 club. The gnoll barely misses you.
The gnoll hits you but does no damage. The ball python bites you.
The ball python grabs you. The ball python constricts you.
You hit the gnoll but do no damage.
The gnoll is moderately wounded.
You closely miss the kobold. You miss the gnoll.
You closely miss the ball python. The gnoll hits you with a +0 club.
The gnoll closely misses you.
The ball python bites you but does no damage.
The ball python constricts you.
The gnoll hits you from afar with a +0 halberd.
The kobold hits you but does no damage.
You barely miss the gnoll. Your bite misses the gnoll.
The gnoll is moderately wounded.
You closely miss the ball python. You hit the gnoll. You burn the gnoll.
You hit the kobold.
You kill the kobold!
The ball python barely misses you. The ball python constricts you.
The gnoll barely misses you. The gnoll hits you with a +0 club.
The gnoll hits you from afar with a +0 halberd!
* * * LOW HITPOINT WARNING * * *
You hit the gnoll. You burn the gnoll.
The gnoll is almost dead.
You barely miss the gnoll. You completely miss the ball python.
The ball python barely misses you. The ball python constricts you.
* * * LOW HITPOINT WARNING * * *
The gnoll hits you with a +0 club.
* * * LOW HITPOINT WARNING * * *
The gnoll hits you with a +0 club.
* * * LOW HITPOINT WARNING * * *
The gnoll hits you but does no damage.
A worm comes into view.
You hit the gnoll.
You kill the gnoll!
You barely miss the ball python. You hit the gnoll. The ball python bites you.
You die...

#.# #.#
#.# #.# #
#.#
#.###.##
#......###
#...g@Sg.#
####.))#>#
##.## #.#
#.w ###


You could see a worm, 2 gnolls and a ball python.

Vanquished Creatures
  A gnoll (D:2)
  3 ball pythons (D:1)
  3 bats (D:1)
  An endoplasm (D:1)
  2 goblins (D:1)
  6 hobgoblins (D:1)
  2 quokkas (D:1)
  4 kobolds
  A rat (D:1)
23 creatures vanquished.

Notes
Turn   | Place    | Note
-------+----------+-------------------------------------------
     0 | D:1      | soylentgreeen202 the Gnoll Chaos Knight began the quest for
                  | the Orb.
     0 | D:1      | Reached XP level 1. HP: 23/23 MP: 1/1
    38 | D:1      | Found a faded altar of an unknown god.
    39 | D:1      | XOM: silly message
   104 | D:1      | XOM: confuse monster(s)
   165 | D:1      | Reached XP level 2. HP: 27/29 MP: 2/2
   390 | D:1      | XOM: give mutations
   390 | D:1      | Gained mutation: You are frail. (-10% HP) [Xom's mischief]
   390 | D:1      | Gained mutation: You are agile. (Dex +2) [Xom's mischief]
   625 | D:1      | XOM: stat loss: -1 Str (10/11)
   840 | D:1      | XOM: noise
   843 | D:1      | Reached XP level 3. HP: 30/31 MP: 3/3
   929 | D:1      | XOM: summons 2 hostile demons
  1155 | D:1      | XOM: torment (17/31 hp)
  1362 | D:2      | Slain by a ball python

Illustrated notes

Levels and vault maps discovered:
D:1:      pf_arrival_petrified_forest, layout_loops_cross,
          ebering_ecumenical_altar_petrified, minmay_octomino_j4
D:2:      layout_loops_ring, serial_aquarium, aquarium_bridge_square
          [aquarium_subvault_wall, aquarium_subvault_bridge,
          aquarium_subvault_window, aquarium_subvault_window],
          aquarium_window_fake, aquarium_window_fake, aquarium_window_3,
          aquarium_view_2e, aquarium_pool_corner,
          chequers_serial_rivers_small_b, due_unseen_surprise

Action                   || total
-------------------------++-------
Melee: Hand axe          ||    81
       Bite              ||     4
Throw: Stone             ||     2
 Stab: Paralysed         ||     1
       Sleeping          ||     1
Armor: Leather armour    ||    35
Dodge: Dodged            ||    53
